 Dungeon Crawl Stone Soup version 0.25-a0-578-gc91f01c39c (webtiles) character file.

Game seed: 13250894975479012638, levelgen mode: classic

13347 EnegeticOcto the Demolition Dwarf (level 11, 22/106 HPs)
             Began as a Deep Dwarf Fighter on Mar 5, 2020.
             Was an Elder of Makhleb.
             Quit the game on level 11 of the Dungeon.
             The game lasted 00:06:18 (6786 turns).

EnegeticOcto the Demolition Dwarf (DDFi)            Turns: 6786, Time: 00:06:18

Health: 22/106     AC: 16    Str: 22    XL:     11   Next: 74%
Magic:  1/1        EV:  5    Int: 13    God:    Makhleb [****..]
Gold:   584        SH: 11    Dex: 12    Spells: 10/10 levels left

rFire    + + .     SeeInvis .   a - +0 war axe
rCold    . . .     Gourm    .   c - +0 kite shield
rNeg     . . .     Faith    .   y - +0 plate armour
rPois    .         Spirit   .   j - +1 hat {Int+3}
rElec    .         Reflect  .   b - +0 cloak
rCorr    .         Harm     .   (no gloves)
MR       +....                  (no boots)
Stlth    ..........             (no amulet)
HPRegen  0.00/turn              d - ring of protection from fire
MPRegen  0.07/turn              v - ring of protection from fire

@: quite poisoned (22 -> 10), non-regenerating
A: damage resistance, heal wounds, sense surroundings 2, no regeneration
a: Heal Wounds, Minor Destruction, Lesser Servant of Makhleb, Major Destruction,
Renounce Religion


You were on level 11 of the Dungeon.
You worshipped Makhleb.
Makhleb was greatly pleased with you.
You were not hungry.

You visited 2 branches of the dungeon, and saw 12 of its levels.
You also visited: Ossuary.

You collected 681 gold pieces.
You spent 97 gold pieces at shops.

Inventory:

Hand Weapons
 a - a +0 war axe (weapon)
Missiles
 t - a throwing net (quivered)
Armour
 b - a +0 cloak (worn)
 c - a +0 kite shield (worn)
 j - a +1 hat of intelligence (worn)
 o - a +1 helmet
 y - a +0 plate armour (worn)
Jewellery
 d - a ring of protection from fire (left hand)
 v - a ring of protection from fire (right hand)
Wands
 h - a wand of polymorph (6)
 r - a wand of flame (13)
Scrolls
 i - a scroll of enchant weapon
 l - 4 scrolls of remove curse {@r6}
 p - 8 scrolls of teleportation {@r2}
 s - 3 scrolls of enchant armour
 w - 2 scrolls of identify {@r1}
 A - 3 scrolls of magic mapping {@r5}
Potions
 f - 3 potions of heal wounds {unknown}
 g - 6 potions of curing {@q1}
 k - a potion of might {@q3}
 m - 2 potions of resistance {@q6}
 n - 5 potions of haste {@q4}
 q - 5 potions of lignification {@q7}
Comestibles
 e - 22 rations


   Skills:
 * Level 9.4 Fighting
 * Level 10.9 Axes
 + Level 8.2 Armour
 + Level 8.2 Shields
 * Level 11.5 Invocations


You had 10 spell levels left.
You didn't know any spells.
Your spell library was empty.

Dungeon Overview and Level Annotations

Branches:
Dungeon (11/15)            Temple (1/1) D:4            Lair (0/6) D:10
    Orc (0/2) D:11        Ossuary (visited)

Altars:
Ashenzari
Cheibriados
Dithmenos
Elyvilon
Fedhas
Gozag
Kikubaaqudgha
Makhleb
Nemelex Xobeh
Qazlal
Ru
Sif Muna
Trog
Uskayaw
Vehumet
Wu Jian
Xom
Yredelemnul
Zin
The Shining One
Beogh

Shops:
D:4 !   D:8 *   D:10 }

Annotations:
D:5 3 runed translucent doors, Flugslaktarn's ghost, amateur MiFi
D:8 exclusions: 2 goblins and 1 more exclusion


Innate Abilities, Weirdness & Mutations

You are resistant to damage.
You can heal yourself by infusing magical energy.
You passively map the area around you.
You do not regenerate.


Message History

The orcs go into a battle-frenzy!
You slash the ogre!
The ogre is heavily wounded.
The ogre hits you with a +0 giant club!
You slash the ogre!
The ogre is almost dead.
You block the ogre's attack.
You slash the ogre!
You kill the ogre!
Makhleb accepts your kill.
You feel better.
An ogre comes into view. It is wielding a +0 giant club.
You closely miss the orc knight.
The orc sings a few bars from the Orcish anthem.
You closely miss the orc knight. You closely miss the orc warrior.
You block the orc knight's attack.
The orc suddenly complains.
You block the orc warrior's attack.
The orc warrior hits you from afar with a +0 glaive of venom!!
You hit the orc knight but do no damage.
You closely miss the orc warrior. You block the orc knight's attack.
You block the orc warrior's attack.
You closely miss the orc knight. You barely miss the orc warrior.
You block the orc warrior's attack.
The orc knight hits you with a +0 war axe.
You slash the orc knight!
The orc knight is lightly wounded.
You hit the orc warrior but do no damage.
You block the orc warrior's attack.
The orc warrior hits you but does no damage.
You are poisoned.
The orc knight closely misses you.
You hit the orc knight but do no damage.
The orc knight is lightly wounded.
You closely miss the orc warrior.
The orc warrior hits you with a +0 vorpal scimitar!
You block the orc warrior's attack. The orc knight barely misses you.
You are too injured to fight recklessly!
You are too injured to fight recklessly!
You are too injured to fight recklessly!
You are too injured to fight recklessly!
You are too injured to fight recklessly!
You are too injured to fight recklessly!
You are too injured to fight recklessly!
You are too injured to fight recklessly!
You are too injured to fight recklessly!
You are too injured to fight recklessly!
You are too injured to fight recklessly!
You are too injured to fight recklessly!
You are too injured to fight recklessly!
You are too injured to fight recklessly!
You are too injured to fight recklessly!
You are too injured to fight recklessly!
You feel much better. You block the orc warrior's attack.
You feel much better.
The orc knight hits you with a +0 war axe!!
The orc warrior hits you but does no damage.
You block the orc warrior's attack.
Your shield and plate armour prevent you from hitting the orc knight.
The orc knight is lightly wounded.
You hit the orc warrior but do no damage.
The orc warrior no longer looks unusually strong.
You block the orc knight's attack.
The orc warrior hits you from afar with a +0 glaive of venom!
You are more poisoned.
You slash the orc knight!
The orc knight is moderately wounded.
Your shield and plate armour prevent you from hitting the orc warrior.
The orc no longer looks unusually strong.
The orc warrior no longer looks unusually strong.
The orc no longer looks unusually strong.
The orc warrior hits you but does no damage.
The orc knight roars a battlecry!
The orcs go into a battle-frenzy!
The orc warrior hits you from afar with a +0 glaive of venom!!
You are more poisoned.
You hit the orc knight.
The orc knight is moderately wounded.
You hit the orc warrior.
You feel very sick.
The orc no longer looks unusually strong.
The orc warrior hits you with a +0 vorpal scimitar!
* * * LOW HITPOINT WARNING * * *
x2 The orc knight hits you with a +0 war axe!
* * * LOW HITPOINT WARNING * * *
You are too injured to fight recklessly!
You are too injured to fight recklessly!
You are too injured to fight recklessly!
You are too injured to fight recklessly!
You are too injured to fight recklessly!
You are too injured to fight recklessly!
You are too injured to fight recklessly!
You are too injured to fight recklessly!
You are too injured to fight recklessly!
You are too injured to fight recklessly!
You are too injured to fight recklessly!
You are too injured to fight recklessly!
You are too injured to fight recklessly!
You are too injured to fight recklessly!
Are you sure you want to abandon this character and quit the game? (Confirm with "yes".)

#############
##.....##.....
##...........>.
#..............
####..............
#.................
#.##..............
#@######........).
#oooooo#..........
###ooo.#......>...
oOo.#...)#.....
oo.####..#####
,$..#..##).....
*######.##......
#.# #.##..<...
#.####.........


You could see an orc knight, 3 orc warriors, an ogre and 9 orcs.

Vanquished Creatures
  2 two-headed ogres
  A troll (D:8)
  A queen bee (D:10)
  A hornet (D:10)
  2 hippogriffs (D:10)
  9 yaks (D:11)
  Grum (D:11)
  A water moccasin (D:10)
  2 porcupines (D:10)
  5 ice beasts
  A hornet zombie (D:11)
  A black bear (D:10)
  6 ogres
  7 orc warriors
  11 centaurs
  A phantom (D:4)
  5 wolves
  A crocodile (D:10)
  3 big kobolds
  6 bullfrogs
  4 elf zombies (Ossuary)
  A gnoll sergeant (D:11)
  A water moccasin zombie (D:5)
  3 scorpions
  22 killer bees
  6 crimson imps
  3 centaur zombies
  2 human zombies (Ossuary)
  3 hounds
  2 jellies
  A quasit (D:10)
  2 bullfrog skeletons
  2 orc priests
  4 centaur skeletons
  A gnoll shaman (D:8)
  13 orc wizards
  4 iguanas
  10 worker ants
  A hound zombie (D:6)
  A hound skeleton (D:5)
  3 mummies
  A worker ant zombie (D:5)
  10 gnolls
  A howler monkey skeleton (D:10)
  13 adders
  A shadow imp (D:7)
  An ooze (D:1)
  An adder skeleton (D:6)
  An adder zombie (D:7)
  A worm (D:5)
  A dart slug (D:4)
  4 leopard geckos
  35 orcs
  A bat (D:1)
  4 giant cockroaches
  2 gnoll zombies (D:4)
  A goblin (D:3)
  2 hobgoblins
  A quokka (D:6)
  6 frilled lizards
  24 kobolds
  2 leopard gecko skeletons
  4 quokka skeletons
  3 rats
  2 fungi (D:10)
  2 plants (D:10)
280 creatures vanquished.

Vanquished Creatures (collateral kills)
  Gastronok (D:11)
  A centaur (D:11)
  2 killer bees (D:11)
  A quasit (D:11)
  A bullfrog zombie (D:11)
  2 gnolls (D:11)
8 creatures vanquished.

Vanquished Creatures (others)
  A hydra (D:11)
  A fungus (D:10)
2 creatures vanquished.

Grand Total: 290 creatures vanquished

Notes
Turn   | Place    | Note
-------+----------+-------------------------------------------
     0 | D:1      | EnegeticOcto the Deep Dwarf Fighter began the quest for the
                  | Orb.
     0 | D:1      | Reached XP level 1. HP: 20/20 MP: 1/1
    59 | D:1      | Reached XP level 2. HP: 27/27 MP: 2/2
   215 | D:2      | Reached XP level 3. HP: 20/34 MP: 3/3
   246 | D:2      | Reached XP level 4. HP: 31/42 MP: 3/3
   644 | D:3      | Found a blossoming altar of Fedhas.
   839 | D:4      | Reached XP level 5. HP: 37/50 MP: 4/4
   906 | D:4      | Found Tafyen's Distillery.
   950 | D:4      | Found a basalt altar of Yredelemnul.
  1196 | D:4      | Noticed a phantom
  1243 | D:4      | Killed a phantom
  1243 | D:4      | Reached XP level 6. HP: 39/57 MP: 5/5
  1254 | D:4      | Found a shimmering altar of Xom.
  1257 | D:4      | Found a sacrificial altar of Ru.
  1260 | D:4      | Found a shimmering blue altar of Sif Muna.
  1276 | D:4      | Found a shattered altar of Ashenzari.
  1633 | D:4      | Found a staircase to the Ecumenical Temple.
  1640 | Temple   | Entered the Ecumenical Temple
  1677 | Temple   | Became a worshipper of Makhleb the Destroyer
  1747 | D:5      | Entered Level 5 of the Dungeon
  1747 | D:5      | Noticed an ice beast
  1760 | D:5      | Killed an ice beast
  1760 | D:5      | Reached skill level 1 in Invocations
  1774 | D:5      | Found a sand-covered staircase.
  1783 | Ossuary  | Entered an ossuary
  1821 | Ossuary  | Reached skill level 5 in Axes
  1821 | Ossuary  | Reached XP level 7. HP: 62/66 MP: 3/3
  1823 | Ossuary  | Reached skill level 2 in Invocations
  1877 | Ossuary  | Reached skill level 3 in Invocations
  1883 | Ossuary  | Reached skill level 5 in Fighting
  1954 | D:5      | Found a hide-covered altar of Uskayaw.
  1959 | D:5      | Reached skill level 5 in Shields
  1966 | D:5      | Reached skill level 5 in Armour
  1966 | D:5      | Reached skill level 4 in Invocations
  1982 | D:5      | Reached XP level 8. HP: 32/74 MP: 5/5
  1982 | D:5      | Reached * piety under Makhleb
  2136 | D:5      | Reached skill level 5 in Invocations
  2172 | D:5      | Found a runed translucent gate.
  2172 | D:5      | Noticed Flugslaktarn's ghost (amateur MiFi)
  2173 | D:5      | Found a runed translucent gate.
  2173 | D:5      | Identified the +9 dagger of Indomitability {freeze, rN+
                  | Int-4 Dex+2}
  2174 | D:5      | Found a runed translucent gate.
  2185 | D:5      | Found a roughly hewn altar of Beogh.
  2188 | D:5      | Found a stormy altar of Qazlal.
  2595 | D:6      | HP: 3/76 [ogre/+0 giant spiked club (16)]
  2653 | D:6      | Reached skill level 6 in Invocations
  2771 | D:6      | Gained mutation: You passively map the area around you.
                  | [Deep Dwarf growth]
  2771 | D:6      | Reached XP level 9. HP: 62/82 MP: 5/5
  2856 | D:6      | Reached ** piety under Makhleb
  3286 | D:7      | Reached skill level 7 in Invocations
  3744 | D:7      | Found an ancient bone altar of Kikubaaqudgha.
  3826 | D:8      | Found Inuclyb's General Store.
  3834 | D:8      | Bought a scroll of enchant weapon for 97 gold pieces
  3860 | D:8      | Found an ornate altar of the Wu Jian Council.
  3916 | D:8      | Noticed a troll
  3967 | D:8      | Killed a troll
  4226 | D:8      | Found a radiant altar of Vehumet.
  4451 | D:8      | Reached skill level 8 in Invocations
  4706 | D:9      | Noticed a two-headed ogre
  4721 | D:9      | Killed a two-headed ogre
  4721 | D:9      | Reached XP level 10. HP: 74/94 MP: 2/2
  5225 | D:10     | Entered Level 10 of the Dungeon
  5246 | D:10     | Reached *** piety under Makhleb
  5298 | D:10     | Reached skill level 9 in Invocations
  5607 | D:10     | Paralysed by a hornet for 1 turns
  5610 | D:10     | Paralysed by a hornet for 2 turns
  5755 | D:10     | Found Gijeajey's Gadget Shoppe.
  5762 | D:10     | Noticed Maurice
  5796 | D:10     | Noticed Maurice
  5806 | D:10     | Killed Maurice the wolf
  5844 | D:10     | Reached skill level 10 in Invocations
  5975 | D:10     | Found a staircase to the Lair.
  5988 | D:10     | Reached **** piety under Makhleb
  6022 | D:11     | Noticed Gastronok
  6249 | D:11     | Noticed a six-headed hydra
  6254 | D:11     | Reached XP level 11. HP: 32/104 MP: 1/1
  6259 | D:11     | Killed Gastronok
  6259 | D:11     | Reached skill level 10 in Axes
  6269 | D:11     | Killed an 11-headed hydra
  6338 | D:11     | Noticed Grum
  6368 | D:11     | Killed Grum
  6373 | D:11     | Reached skill level 11 in Invocations
  6408 | D:11     | Noticed a two-headed ogre
  6436 | D:11     | Killed a two-headed ogre
  6651 | D:11     | Found a staircase to the Orcish Mines.
  6762 | D:11     | Found a roughly hewn altar of Beogh.
  6762 | D:11     | Noticed an orc knight
  6786 | D:11     | Quit the game

Levels and vault maps discovered:
D:1:      minmay_arrival_five_plusses, layout_loops_ring
D:2:      layout_basic, overflow_temple_1_default, interstate_on_off
D:3:      layout_loops_corners, marbit_many_paths
D:4:      layout_loops_ring, lemuel_zombie_altar_yredelemnul,
          grunt_temple_overflow_cloverleaf, minmay_temple_entry_enclosed_plants,
          serial_shops, shop_statue, first_ration
D:5:      layout_rooms, eat_drink_and_be_merry_uskayaw,
          nicolae_overflow_crystal_walls, biasface_ghost_orc_armoury,
          gup_ossuary_entry_pyramid
D:6:      layout_basic
D:7:      layout_basic, kennysheep_mini_moat
D:8:      layout_gridville, kennysheep_mini, overflow_temple_1_default,
          kennysheep_okawaru_gauntlet, serial_shops, shop,
          chequers_serial_rivers_small_a, grunt_pizzeria, nrook_campfire
D:9:      layout_roguey
D:10:     layout_loops_ring, grunt_lair_entry_orc_guard_hut, special_room
          [special_room_bee], serial_shops, shop, kennysheep_donut, uniq_maurice
D:11:     layout_rooms, orc_0_dummy, special_room [special_room_orc],
          uniq_gastronok, uniq_grum
Temple:   jpeg_temple_island

Skill      XL: |  1  2  3  4  5  6  7  8  9 10 11 |
---------------+----------------------------------+-----
Fighting       | 3 4 5 6 7 8 9 |  9.4
Axes           | 3 4 5 6 7 8 9 10 | 10.9
Shields        | 4 5 6 7 8 |  8.2
Armour         | 4 5 6 7 8 |  8.2
Invocations    | 1 4 6 8 10 11 | 11.5

Action                   |  1- 3 |  4- 6 |  7- 9 | 10-12 || total
-------------------------+-------+-------+-------+-------++-------
Melee: War axe           |    76 |   187 |   489 |   541 ||  1293
Invok: Lesser Servant of |       |       |       |     1 ||     1
 Abil: Heal Wounds       |     1 |    14 |    29 |    33 ||    77
Evoke: Wand              |       |       |       |     2 ||     2
  Use: Scroll            |       |     1 |    14 |     3 ||    18
       Potion            |       |       |     1 |     5 ||     6
 Stab: Sleeping          |       |       |       |    12 ||    12
  Eat: Chunk             |       |     4 |     9 |     9 ||    22
Armor: Scale mail        |    31 |    89 |   252 |    19 ||   391
       Chain mail        |       |       |       |   259 ||   259
       Skin              |       |       |       |    61 ||    61
       Plate armour      |       |       |       |   177 ||   177
Dodge: Dodged            |    32 |    52 |   193 |   222 ||   499
Block: Kite shield       |    48 |   101 |   341 |   502 ||   992

Table legend:
 A = Non-vault XP
 B = Vault XP
 C = Vault XP percentage of total XP
 D = Non-vault monster count
 E = Vault monster count
 F = Vault count percentage of total count
                 A         B        C        D         E       F
            +---------+---------+-------+---------+---------+-------
      Total |   13382 |    5686 |  29.8 |     238 |      47 |  16.5
            +---------+---------+-------+---------+---------+-------
        D:1 |      19 |       0 |   0.0 |       9 |       0 |   0.0
        D:2 |      99 |       0 |   0.0 |      16 |       0 |   0.0
        D:3 |      60 |       2 |   3.2 |      20 |       1 |   4.8
        D:4 |     284 |       4 |   1.4 |      14 |       2 |  12.5
        D:5 |    1079 |      18 |   1.6 |      26 |       1 |   3.7
        D:6 |     823 |       0 |   0.0 |      27 |       0 |   0.0
        D:7 |    1244 |       0 |   0.0 |      31 |       0 |   0.0
        D:8 |     547 |     124 |  18.5 |      10 |       1 |   9.1
        D:9 |    1282 |       0 |   0.0 |      15 |       0 |   0.0
       D:10 |    2386 |    1978 |  45.3 |      32 |      22 |  40.7
       D:11 |    5559 |    2962 |  34.8 |      38 |      10 |  20.8
    Ossuary |       0 |     598 | 100.0 |       0 |      10 | 100.0
            +---------+---------+-------+---------+---------+-------
